Map: Prion Terraces

Players

Hellhammer - Winner!

  • Race: Terran Terran
  • League: Silver

NOdie

  • Race: Terran Terran
  • League: Gold

VOD

Have the link to the VOD?

Description

Time

  • Played on: Dec. 29, 2015, 10:19 a.m.
  • Length: 22:30
Show
View Real Time Build Order
Export as new Build Order

Hellhammer Terran - Winner!

Build Orders: Liberator Opening, Reaper Expand, Bio Tank, MMM Bio 

Get SALT Encoding   

  12  0:01  SCV  
  13  0:13  SCV  
  14  0:18  Supply Depot  
  14  0:25  SCV  
  15  0:39  SCV  
  15  0:41  Barracks  
  16  0:45  Refinery  
  16  0:58  SCV  
  17  1:10  SCV  
  18  1:22  SCV  
  19  1:29  Reaper  
  20  1:33  Supply Depot  
  20  1:40  Orbital Command  
  20  2:02  Marine  
  20  2:04  Command Center  
  21  2:12  Factory  
  21  2:18  SCV  
  22  2:24  Marine  
  23  2:31  SCV  
  23  2:32  Barracks  
  24  2:44  Marine  
  24  2:47  SCV  
  26  2:58  Factory Tech Lab, Refinery  
  26  3:02  SCV  
  26  3:03  Starport  
  27  3:16  Barracks Reactor  
  27  3:18  SCV  
  28  3:24  Orbital Command  
  28  3:29  Barracks Tech Lab  
  28  3:33  Liberator  
  28  3:34  SCV  
  28  3:41  Engineering Bay  
  29  3:42  Engineering Bay  
  29  3:49  SCV  
  33  3:56  SCV  
  33  4:02  Marine x2  
  36  4:04  SCV  
  36  4:09  Missile Turret  
  37  4:13  SCV, Missile Turret  
  38  4:18  SCV  
  38  4:24  Marine x2  
  40  4:28  SCV  
  42  4:35  Supply Depot x2  
  42  4:42  SCV x2  
  42  4:44  Marine x2  
  42  4:45  Starport Reactor  
  46  4:49  Terran Infantry Weapons Level 1  
  46  4:50  Terran Infantry Armor Level 1  
  46  4:58  Supply Depot  
  46  5:02  Marauder  
  46  5:04  Stimpack  
  48  5:08  SCV x2  
  50  5:26  Barracks  
  50  5:27  Barracks  
  50  5:29  Marine x2  
  52  5:37  Marauder  
  52  5:40  Refinery  
  52  5:41  Refinery  
  54  5:45  Armory  
  54  5:48  Siege Tank  
  57  5:50  Marine x2  
  57  5:56  SCV  
  57  5:57  SCV  
  61  6:02  Marauder  
  63  6:09  Marine  
  63  6:10  Marine  
  65  6:15  Supply Depot  
  65  6:18  Supply Depot  
  65  6:23  Barracks Reactor x2  
  65  6:24  Siege Tank  
  67  6:36  Command Center, Marine x2  
  63  6:51  Missile Turret  
  63  6:52  Missile Turret  
  63  6:59  Siege Tank  
  66  7:08  Command Center  
  66  7:13  Medivac x2  
  70  7:19  Terran Infantry Weapons Level 2  
  70  7:24  SCV  
  70  7:25  SCV  
  70  7:26  Marine  
  70  7:29  Marine x2  
  74  7:44  SCV x2  
  74  7:45  Medivac x2  
  81  7:58  SCV x2  
  81  7:59  Marine x4  
  86  8:06  Supply Depot  
  86  8:23  Combat Shields  
  86  8:27  Marine x6  
  86  8:28  Marauder  
  84  8:42  SCV x2  
  84  8:45  Terran Infantry Armor Level 2  
  84  8:47  Marine x2  
  84  8:48  Factory, Marine x4  
  91  8:53  Marauder  
  94  9:09  SCV x2  
  96  9:10  Supply Depot  
  96  9:11  Supply Depot  
  96  9:16  Marine x5  
  96  9:17  Marine  
  101  9:23  Viking  
  104  9:30  Marine  
  105  9:42  SCV x2  
  105  9:43  Orbital Command  
  105  9:44  Medivac  
  109  9:50  Marine x4  
  109  9:51  Marine x2  
  115  10:05  Marauder  
  115  10:06  Factory Tech Lab  
  117  10:10  Terran Infantry Weapons Level 3  
  117  10:17  Viking  
  119  10:26  Siege Tank  
  91  10:44  Marine x3  
  91  10:45  Marine x3  
  84  11:28  SCV x2  
  86  11:35  Viking x2  
  86  11:36  Marine x5  
  86  11:37  Marine  
  86  11:39  Marauder  
  98  11:45  Command Center  
  98  11:53  Terran Infantry Armor Level 3  
  98  12:05  Marine x6  
  98  12:07  Viking  
  106  12:11  SCV x2  
  108  12:18  Supply Depot  
  108  12:24  Marine x2  
  110  12:34  Concussive Shells  
  110  12:39  SCV x2, Marine x4  
  116  12:44  Supply Depot  
  116  12:45  Marine  
  117  13:10  Marine x6  
  113  13:16  Orbital Command  
  113  13:17  SCV x2  
  115  13:28  Marauder  
  101  13:49  Marine x3  
  101  13:50  Marine x3  
  101  13:55  Medivac x2  
  111  14:02  Fusion Core  
  111  14:03  Siege Tank x2  
  111  14:08  Marine  
  111  14:09  Marine x2  
  113  14:24  Marine x4  
  113  14:30  Medivac x2  
  113  14:32  SCV x3  
  116  14:40  Reaper  
  116  14:44  SCV x3  
  120  14:49  Starport  
  120  14:51  Starport  
  120  14:54  Marine  
  120  14:55  Marine x5  
  126  15:02  Starport  
  126  15:12  Marine x2  
  128  15:20  Marine x4  
  132  15:26  SCV x3  
  135  15:29  Refinery  
  135  15:30  Refinery  
  135  15:37  Weapon Refit  
  135  15:39  Starport Tech Lab  
  135  15:40  Starport Tech Lab  
  135  15:43  SCV x3  
  135  15:49  Starport Tech Lab  
  138  16:03  Supply Depot  
  138  16:04  Supply Depot  
  137  16:07  Supply Depot  
  137  16:12  Marine x4  
  141  16:19  Marine  
  141  16:21  Marine  
  129  16:28  Battlecruiser x2  
  139  16:37  Marine x3  
  139  16:38  Marine x2  
  144  16:46  Command Center  
  144  16:47  Barracks  
  144  16:48  SCV, Barracks  
  144  16:49  SCV x2  
  147  16:54  Barracks x2  
  147  17:01  Marine x5  
  149  17:02  Marine  
  149  17:03  Marauder  
  149  17:05  Behemoth Reactor  
  155  17:09  Supply Depot  
  155  17:15  Supply Depot  
  155  17:18  Marine  
  156  17:25  Battlecruiser  
  162  17:32  Marine x5  
  167  17:46  Barracks Reactor x3  
  167  17:53  Marine x2  
  167  17:54  Marine x4  
  173  18:07  Barracks Reactor  
  173  18:08  Battlecruiser  
  173  18:10  Marine  
  177  18:28  Marine x7  
  177  18:29  Marine x5  
  179  18:36  SCV x3  
  179  18:37  SCV  
  172  18:56  Marine x6  
  172  18:57  Marine x2  
  174  19:30  Marine x6  
  174  19:31  Marine  
  142  20:29  Orbital Command  
  142  20:35  Marine x6  
  145  20:38  Orbital Command  
Show
View Real Time Build Order
Export as new Build Order

NOdie Terran 

Build Orders:  

Get SALT Encoding   

  12  0:01  SCV  
  13  0:13  SCV  
  14  0:25  SCV  
  15  0:31  Refinery  
  15  0:41  Supply Depot  
  15  0:48  Supply Depot  
  15  1:05  Barracks  
  15  1:19  Barracks  
  15  1:21  SCV  
  16  1:33  SCV  
  17  1:46  SCV  
  18  1:53  Barracks Tech Lab  
  18  1:56  Factory  
  18  2:01  Orbital Command  
  18  2:09  Marine  
  18  2:13  Marauder  
  21  2:27  Marine  
  21  2:28  Supply Depot  
  22  2:42  Hellion  
  24  2:56  Marine  
  24  2:57  Marine  
  26  3:05  Command Center  
  26  3:25  SCV  
  27  3:37  SCV  
  27  3:38  Starport  
  27  3:39  Engineering Bay  
  28  3:47  Siege Tank  
  31  3:49  SCV  
  32  4:01  SCV  
  33  4:18  Missile Turret  
  33  4:19  Medivac  
  33  4:23  Supply Depot  
  35  4:39  Refinery  
  35  4:40  SCV  
  36  4:52  SCV  
  37  4:57  Bunker  
  37  4:58  Planetary Fortress  
  37  5:04  SCV, Hellion  
  40  5:07  Marine x2  
  41  5:25  Marine x2  
  41  5:26  Hellion  
  45  5:34  Missile Turret  
  45  5:38  Missile Turret  
  45  5:43  Marine  
  45  5:46  Marine  
  45  5:47  SCV, Hellion  
  50  5:59  SCV  
  50  6:01  SCV, Marine  
  50  6:03  Marine  
  54  6:08  Siege Tank  
  57  6:11  SCV  
  57  6:13  SCV  
  59  6:18  Marine  
  59  6:21  Marine  
  59  6:23  SCV  
  62  6:51  SCV  
  62  6:52  Supply Depot x2  
  62  6:53  Supply Depot x2, Siege Tank  
  62  6:54  Supply Depot x2  
  62  6:57  Supply Depot  
  62  7:09  Supply Depot  
  62  7:10  Supply Depot  
  62  7:13  SCV x2  
  64  7:16  Supply Depot  
  64  7:17  Marine x2  
  66  7:25  SCV x2, Siege Tank  
  71  7:35  Marine x2  
  65  7:49  Command Center  
  65  7:53  Marine x2  
  67  8:01  Barracks  
  67  8:02  SCV  
  67  8:03  SCV  
  69  8:08  Barracks  
  69  8:11  Marine x2  
  69  8:12  Command Center  
  71  8:23  Viking  
  73  8:28  Marine  
  74  8:39  Marine  
  75  8:46  Marine  
  76  8:53  Viking  
  78  8:56  Barracks Tech Lab  
  78  8:57  Command Center, Barracks Tech Lab, Marine  
  78  8:59  Terran Infantry Weapons Level 1  
  79  9:03  SCV x3  
  79  9:04  Marine  
  83  9:15  SCV x3, Marine  
  86  9:22  Marine  
  87  9:29  Marauder x2  
  91  9:33  Marine  
  91  9:40  Marine  
  91  9:41  SCV x2  
  94  9:50  SCV  
  94  9:51  Marine, Marauder x2  
  100  9:53  SCV x2  
  100  9:57  Marine  
  103  10:02  SCV  
  103  10:05  SCV  
  105  10:08  Marine  
  105  10:11  Marine  
  105  10:12  Marine  
  108  10:15  Marine  
  108  10:20  Refinery  
  109  10:23  SCV x2  
  109  10:24  Planetary Fortress  
  109  10:26  Marine  
  112  10:29  Refinery, Marine x2  
  112  10:33  Marine  
  94  10:44  Marine  
  94  10:47  Marine x2  
  97  10:51  Marine  
  96  10:59  SCV x2  
  96  11:02  Marine  
  99  11:05  Marine x2  
  102  11:12  Barracks Reactor  
  100  11:20  Marine  
  100  11:23  Marine x2  
  84  11:32  SCV x4  
  88  11:35  Terran Infantry Armor Level 1  
  88  11:37  Marine  
  89  11:41  Marauder x2  
  89  11:44  Armory, SCV x3  
  89  11:46  Refinery  
  96  11:47  Refinery  
  96  11:50  SCV  
  97  11:55  Marine  
  97  11:56  SCV x3  
  97  11:59  Marine x2  
  103  12:02  Marine x2  
  103  12:08  Combat Shields, Stimpack  
  105  12:13  Marine  
  106  12:17  Marine x2  
  106  12:19  Refinery  
  106  12:20  Marine x2  
  110  12:24  Planetary Fortress  
  110  12:28  SCV  
  110  12:29  SCV x2  
  113  12:31  Marine  
  113  12:34  Marine  
  113  12:35  Marine  
  116  12:38  Marauder x2  
  116  12:40  SCV  
  116  12:41  SCV x2, Missile Turret  
  123  12:46  Command Center  
  123  12:49  Marine  
  124  12:52  Marine x2  
  124  12:53  SCV x3  
  129  12:59  Marauder, Marine  
  129  13:00  Missile Turret  
  129  13:05  SCV x2  
  134  13:07  Marine  
  134  13:10  Marine x2  
  131  13:17  Marine  
  132  13:21  Marauder  
  132  13:23  Missile Turret  
  132  13:24  Marine  
  135  13:28  Marine x2  
  137  13:35  Command Center, Marauder  
  137  13:42  Marauder, Marine  
  137  13:45  Missile Turret  
  137  13:46  Marine x2  
  117  13:57  Marauder  
  117  14:00  Marine  
  109  14:03  Marine  
  109  14:04  Marine x2  
  109  14:06  Siege Tank  
  109  14:09  Medivac  
  110  14:17  Marine  
  110  14:18  Marine  
  110  14:21  Marauder, Marine  
  110  14:22  Marine  
  95  14:36  Marauder  
  95  14:37  Planetary Fortress  
  92  14:39  Marine, Medivac  
  92  14:42  Marine  
  88  14:58  Barracks  
  88  14:59  Barracks x2  
  84  15:00  Barracks  
  84  15:02  Barracks  
  84  15:15  Planetary Fortress  
  82  15:49  Supply Depot  
  82  15:50  Supply Depot  
  82  15:51  Supply Depot x2  
  82  15:52  Supply Depot x2, Barracks Reactor x3  
  82  15:53  Barracks Reactor x2, Supply Depot  
  82  15:55  Supply Depot  
  82  16:01  Supply Depot x3  
  82  16:14  Factory  
  82  16:15  Factory  
  82  16:17  Factory  
  78  16:30  SCV x3  
  81  16:37  Marine x10  
  91  16:42  Engineering Bay  
  91  16:53  Orbital Command  
  91  16:54  Marine  
  91  16:55  Marine x9  
  91  17:00  Factory Tech Lab, Refinery  
  91  17:01  Factory Tech Lab  
  101  17:02  Factory Tech Lab  
  101  17:12  Marine  
  101  17:13  Marine x9  
  111  17:30  Marine x2  
  111  17:31  Marine x5  
  111  17:32  Marine x2  
  111  17:36  Marine  
  121  17:48  Marine x4  
  121  17:49  Marine x5  
  130  17:53  Siege Tank x3  
  130  17:54  Marine  
  140  18:06  Marine x4  
  140  18:07  Marine x2  
  129  18:22  Marine  
  129  18:24  Marine  
  129  18:25  Siege Tank x3  
  116  18:28  Marine  
  116  18:29  Marine x2  
  84  19:32  Barracks  
  84  19:33  Barracks  
  84  19:34  Barracks  
  84  19:35  Supply Depot  
  84  19:42  Supply Depot  
  84  19:43  Supply Depot x2  
  84  20:04  Supply Depot  
  84  20:06  Supply Depot  
  93  20:08  Supply Depot  
  93  20:10  Supply Depot  
  50  20:29  Supply Depot  
  50  20:30  Supply Depot  
  50  20:31  Supply Depot  
  31  21:27  Engineering Bay  
  31  21:50  Command Center  
  31  21:59  Command Center  
Tags
 
Add a new tag
Caveats
  • Supply blocks, unpowered buildings, or Contaminate may cause inaccurate times.
  • Supply counts are checked every 10 seconds.